 Dungeon Crawl Stone Soup version 0.27.0-1-g7a089689b8 (webtiles) character file.

Game seed: 5668562943466085863

76 SnakkuSnakku7 the Slasher (level 4, -2/36 HPs)
             Began as a Barachi Chaos Knight on Aug 2, 2021.
             Was a Plaything of Xom.
             Killed from afar by an orc wizard (3 damage)
             ... with a puff of flame
             ... on level 3 of the Dungeon.
             The game lasted 00:02:17 (2208 turns).

SnakkuSnakku7 the Slasher (Barachi Chaos Knight)    Turns: 2208, Time: 00:02:18

Health: -2/36      AC:  5    Str: 14    XL:     4   Next: 32%
Magic:  4/4        EV: 11    Int: 13    God:    Xom [......]
Gold:   102        SH:  0    Dex: 11    Spells: 3/3 levels left

rFire    . . .     SeeInvis .   a - +0 falchion (chaos)
rCold    . . .     Faith    .   (no shield)
rNeg     . . .     Spirit   .   n - +2 leather armour
rPois    .         Reflect  .   (no helmet)
rElec    .         Harm     .   (no cloak)
rCorr    .         Rampage  .   (no gloves)
Will     .....                  (no boots)
Stlth    +.........             (no amulet)
HPRegen  0.12/turn              (no ring)
MPRegen  0.09/turn              (no ring)

@: unable to hop, slow
A: amphibious, slowness 1, strong legs 1, +LOS
a: Hop, Renounce Religion


You were on level 3 of the Dungeon.
You worshipped Xom.
You were a very special plaything of Xom.
You visited 1 branch of the dungeon, and saw 3 of its levels.

You collected 102 gold pieces.

Inventory:

Hand Weapons
 a - a +0 falchion of chaos (weapon)
 b - a +2 dagger of venom
Missiles
 j - 29 poisoned darts (quivered)
Armour
 n - a +2 leather armour (worn)
Jewellery
 m - an amulet of reflection
Scrolls
 c - a scroll of brand weapon {unknown}
 d - 2 scrolls of magic mapping {unknown}
 e - a scroll of torment {unknown}
 f - a scroll of enchant weapon {unknown}
 g - a scroll of blinking {unknown}
 h - a scroll of summoning {unknown}
 k - a scroll of identify {unknown}
Potions
 i - 2 potions of lignification {unknown}
 l - a potion of ambrosia {unknown}
 o - a potion of degeneration {unknown}
 p - 2 potions of might {unknown}
 q - a potion of magic {unknown}


   Skills:
 - Level 3.6 Fighting
 + Level 6.1 Long Blades
 - Level 2.4 Armour
 - Level 1.1 Dodging


You had 3 spell levels left.
You didn't know any spells.
Your spell library contained the following spells:

 Spells                   Type           Power      Damage    Failure   Level
 Ozocubu's Armour         Ice            0%         N/A       75%         3
 Ozocubu's Refrigeration  Ice            0%         4d5       100%        7


Dungeon Overview and Level Annotations

Branches:
Dungeon (3/15)

Altars:
Dithmenos
Fedhas

Annotations:
D:3 2 transporters, Gorgoleon's ghost, amateur MfGl


Innate Abilities, Weirdness & Mutations

You are amphibious.
You cover ground slowly.
You can hop short distances.
You have an extended range of vision and can be seen from far away.


Message History

No target in view!
Unknown command.
You hit something.
Nothing appears to happen.
Something hits you but does no damage.
You hit the orc wizard.
The orc wizard is moderately wounded.
Something hits you. Something burns you. The orc wizard closely misses you.
You riposte.
You hit the orc wizard.
The orc wizard is heavily wounded.
You barely miss the orc wizard.
The orc wizard is heavily wounded.
Something hits you. Something burns you. Something hits you.
Something burns you.
The orc wizard hits you but does no damage.
You barely miss the orc wizard.
The orc wizard is heavily wounded.
Something hits you. Something burns you.
The orc wizard hits you with a +0 dagger.
You hit the orc wizard but do no damage.
The orc wizard is heavily wounded.
Something hits you.
* * * LOW HITPOINT WARNING * * *
Something burns you.
* * * LOW HITPOINT WARNING * * *
Something hits you but does no damage.
The orc wizard hits you with a +0 dagger.
* * * LOW HITPOINT WARNING * * *
You barely miss the orc wizard.
The orc wizard is heavily wounded.
Something hits you.
* * * LOW HITPOINT WARNING * * *
Something burns you.
* * * LOW HITPOINT WARNING * * *
The orc wizard hits you but does no damage.
Hop to where?
Press: ? - help, Dir - move target Boing!
The orc wizard points at you and mumbles some strange words.
The puff of flame hits you.
You die...

#.# #..####### #.#.....© #.#
#..## .#...##### #.# #...#
.#..##8.$) #.#
#.o#..oo.o>....#..... #.#
#.#.###.####.#.#.#... #####.#
#.#.# # #.#.#..#.. ......#
#.#.###.# #.#.#S...© #####.#
#.#.§...# #.#.#o.#..
################@.######.#.#o#...
#.............#............#W....
#.............#.#.)....#.#.##8...
#.............#.#...##.#.#..#####
#......8......####...#.#.##.....©
#....♣♣.♣♣....#.#....#.#>........
#....♣...♣..††#.#......#######...
'...8..8..8.†.'.....#.## ####
#....♣...♣....##.##...#


You could see an orc wizard.

Vanquished Creatures
  2 adders (D:2)
  A dart slug (D:1)
  5 ball pythons
  6 bats
  3 endoplasms (D:1)
  5 giant cockroaches
  7 goblins
  7 hobgoblins
  3 jackals (D:2)
  A kobold (D:1)
  4 quokkas
  A frilled lizard (D:1)
  2 rats
47 creatures vanquished.

Notes
Turn   | Place    | Note
-------+----------+-------------------------------------------
     0 | D:1      | SnakkuSnakku7 the Barachi Chaos Knight began the quest for
                  | the Orb.
     0 | D:1      | Reached XP level 1. HP: 18/18 MP: 1/1
    38 | D:1      | Reached skill level 4 in Long Blades
    59 | D:1      | Reached XP level 2. HP: 13/24 MP: 2/2
   486 | D:1      | XOM: silly message
   592 | D:1      | Reached XP level 3. HP: 29/29 MP: 3/3
   774 | D:1      | XOM: noise
   790 | D:1      | Reached skill level 5 in Long Blades
   912 | D:2      | XOM: silly message
  1085 | D:2      | Found a shadowy altar of Dithmenos.
  1330 | D:2      | XOM: enchant monster (bad)
  1337 | D:2      | Reached XP level 4. HP: 25/36 MP: 4/4
  1928 | D:3      | Reached skill level 6 in Long Blades
  1973 | D:3      | Found a blossoming altar of Fedhas.
  2023 | D:3      | Found a faded altar of an unknown god.
  2061 | D:3      | Found a transporter.
  2061 | D:3      | Found a transporter.
  2061 | D:3      | Noticed Gorgoleon's ghost (amateur MfGl)
  2113 | D:3      | XOM: cloud trail
  2206 | D:3      | HP: 1/36 [something (2)]
  2208 | D:3      | Killed from afar by an orc wizard

Illustrated notes

Levels and vault maps discovered:
D:1:      lightli_arrival_windingriver, layout_basic, minmay_surrounded
D:2:      minmay_angry_zag, layout_loops_cross, basic_altar, patterned_corridor
D:3:      layout_loops_ring, fedhas_ov_isle_minmay, nicolae_ru_path_of_blood,
          hellmonk_ecumenical_altar_arch_garden, gammafunk_ghost_arena,
          kennysheep_generic_room_2

Skill      XL: |  1  2  3  4 |
---------------+-------------+-----
Long Blades    | 4 5 6 |  6.1
Fighting       | |  3.6
Armour         | |  2.4
Dodging        | |  1.1

Action                   |  1- 3 |  4- 6 || total
-------------------------+-------+-------++-------
Melee: Falchion          |    95 |    57 ||   152
 Abil: Hop               |       |     1 ||     1
Armor: Leather armour    |    46 |    28 ||    74
Dodge: Dodged            |    65 |    45 ||   110
       Rpst.: Falchion   |    17 |    15 ||    32
